 Dungeon Crawl Stone Soup version 0.29.1-2-gbd0b4ee654 (webtiles) character file.

Game seed: 5520536231399325911

2289 Sabo the Cleaver (level 9, -5/78 HPs)
             Began as a Minotaur Fighter on Oct 25, 2022.
             Was a Priest of Wu Jian.
             Shot with a sling bullet by Joseph (6 damage)
             ... on level 7 of the Dungeon.
             The game lasted 00:30:49 (6119 turns).

Sabo the Cleaver (Minotaur Fighter)                 Turns: 6119, Time: 00:30:49

Health: -5/78      AC:  8    Str: 30    XL:     9   Next: 17%
Magic:  8/8        EV: 11    Int:  5    God:    Wu Jian [***...]
Gold:   329        SH: 10    Dex: 11    Spells: 8/8 levels left

rFire   . . .      SeeInvis .   r - +7 hand axe (freeze)
rCold   + . .      Faith    .   c - +0 buckler
rNeg    . . .      Spirit   .   t - +1 leather armour of the Pits of Slime {Harm rElec Str+6}
rPois   .          Reflect  +   (helmet restricted)
rElec   +          Harm     +   (no cloak)
rCorr   .          Rampage  .   (no gloves)
Will    .....                   (no boots)
Stlth   ++........              n - amulet of reflection
HPRegen 0.23/turn               p - ring of protection from cold
MPRegen 0.11/turn               x - +4 ring of protection

@: no status effects
A: horns 2, retaliatory headbutt
a: Renounce Religion, Wall Jump, Serpent's Lash


You were on level 7 of the Dungeon.
You worshipped Wu Jian.
Wu Jian was most pleased with you.
You visited 1 branch of the dungeon, and saw 7 of its levels.

You collected 329 gold pieces.

Inventory:

Hand Weapons
 a - a +0 war axe
 o - a +1 hand axe of flaming
 r - a +7 hand axe of freezing (weapon)
 s - a +1 mace of holy wrath
Missiles
 g - 18 poisoned darts (quivered)
Armour
 b - a +0 scale mail
 c - a +0 buckler (worn)
 t - the +1 leather armour of the Pits of Slime (worn) {Harm rElec Str+6}
   (You found it on level 3 of the Dungeon)

   Str:       It affects your strength (+6).
   rElec:     It insulates you from electricity.
   Harm:      It increases damage dealt and taken.
Jewellery
 n - an amulet of reflection (around neck)
 p - a ring of protection from cold (left hand)
 x - a +4 ring of protection (right hand)
Wands
 u - a wand of roots (15)
 y - a wand of mindburst (17)
 z - a wand of flame (45)
Scrolls
 q - a scroll of blinking
 w - a scroll of teleportation
 B - a scroll of silence {unknown}
Potions
 d - a potion of might
 e - a potion of heal wounds {unknown}
 f - 4 potions of curing
 j - 2 potions of attraction {unknown}
 k - a potion of lignification {unknown}
 l - a potion of berserk rage {unknown}
 m - a potion of cancellation {unknown}
 v - a potion of flight {unknown}


   Skills:
 + Level 6.9 Fighting
 + Level 10.0 Axes
 + Level 6.8 Armour
 + Level 2.4 Dodging
 + Level 2.5 Stealth
 + Level 6.4 Shields


You had 8 spell levels left.
You didn't know any spells.
Your spell library was empty.

Dungeon Overview and Level Annotations

Branches:
Dungeon (7/15)             Temple (0/1) D:5

Altars:
Fedhas
Makhleb
Nemelex Xobeh
Okawaru
Wu Jian
Yredelemnul

Annotations:
D:7 Joseph


Innate Abilities, Weirdness & Mutations

You have a pair of horns on your head.
You reflexively headbutt those who attack you in melee.


Message History

You block the gnoll's attack.
You lunge at the gnoll bouda, in a flurry of attacks.
You barely miss the gnoll bouda. You hit the gnoll. You freeze the gnoll.
You kill the gnoll!
The Council accepts your kill.
You slash the gnoll bouda! You freeze the gnoll bouda.
The gnoll bouda is almost dead.
The gnoll hits you from afar with a +0 spear.
You block the gnoll's attack.
Things that are here:
a +0 flail; a gnoll corpse You hit the gnoll bouda.
You freeze the gnoll bouda.
You kill the gnoll bouda!
The Council accepts your kill. The gnoll barely misses you.
The gnoll closely misses you.
Your Axes skill increases to level 10!
You lunge at the gnoll.
You hit the gnoll. You freeze the gnoll. You headbutt the gnoll!
You kill the gnoll!
The Council accepts your kill. You block the gnoll's attack.
Joseph shoots a sling bullet.
You reflect the sling bullet off an invisible shield around you!
The sling bullet closely misses Joseph.
Things that are here:
a +0 club; a +0 leather armour; a gnoll corpse You lunge at the gnoll.
You slash the gnoll! You freeze the gnoll.
You kill the gnoll!
The Council accepts your kill.
Your attacks no longer feel as feeble.
Joseph shoots a sling bullet.
The sling bullet hits you. The sling bullet burns you.
Found a stone.
You see here a +0 halberd.
Joseph shoots a sling bullet.
The sling bullet hits you! The sling bullet burns you!
* * * LOW HITPOINT WARNING * * *
Joseph shoots a sling bullet.
The sling bullet hits you!
* * * LOW HITPOINT WARNING * * *
The sling bullet burns you.
You die...

#
#.................
#....#####........
#....#.....#######
#..........##
#.#........)######
#.#.[)......)))..#
.....@........#
.....##...).!.#
...@. #..@...[#
##... #..........#
.... ##......####
..@ ........#
...........
##...........
#....(.......
.............


You could see Joseph.

Vanquished Creatures
  A wyvern (D:6)
  Eustachio (D:4)
  A steam dragon (D:6)
  2 orc warriors
  A black bear (D:5)
  A centaur (D:7)
  3 ogres
  A phantom (D:5)
  A bullfrog (D:6)
  A necrophage (D:6)
  3 scorpions
  4 killer bees (D:5)
  A howler monkey (D:6)
  A jelly (D:6)
  A gnoll bouda (D:7)
  4 hounds
  2 orc priests (D:3)
  Jessica (D:2)
  3 iguanas
  4 orc wizards
  Terence (D:3)
  4 gnolls (D:7)
  6 adders
  A shadow imp (D:5)
  An ufetubus (D:5)
  2 worms (D:2)
  15 orcs
  6 endoplasms
  3 giant cockroaches
  2 goblins
  8 hobgoblins
  9 kobolds
  3 quokkas
  9 ball pythons
  8 bats
  8 frilled lizards
  8 rats
131 creatures vanquished.

Vanquished Creatures (others)
  3 plants (D:5)
3 creatures vanquished.

Grand Total: 134 creatures vanquished

Notes
Turn   | Place    | Note
-------+----------+-------------------------------------------
     0 | D:1      | Sabo the Minotaur Fighter began the quest for the Orb.
     0 | D:1      | Reached XP level 1. HP: 19/19 MP: 0/0
   295 | D:1      | Reached XP level 2. HP: 27/27 MP: 1/1
   452 | D:1      | Found a faded altar of an unknown god.
   455 | D:1      | Prayed at the altar of an unknown god.
   455 | D:1      | Became a worshipper of the Wu Jian Council
   455 | D:1      | Reached * piety under Wu Jian
   479 | D:1      | You fall into a shaft and drop 1 floor!
   577 | D:1      | Reached skill level 3 in Axes
  1128 | D:2      | Found an iron altar of Okawaru.
  1186 | D:2      | Reached XP level 3. HP: 33/33 MP: 2/2
  1410 | D:2      | Noticed Jessica
  1424 | D:2      | Killed Jessica
  1425 | D:2      | Reached skill level 4 in Axes
  1425 | D:2      | Reached XP level 4. HP: 37/40 MP: 3/3
  1949 | D:3      | Reached ** piety under Wu Jian
  1950 | D:3      | Reached XP level 5. HP: 13/46 MP: 4/4
  1952 | D:3      | Reached skill level 5 in Axes
  2409 | D:3      | Found a basalt altar of Yredelemnul.
  2541 | D:3      | Noticed Terence
  2553 | D:3      | Killed Terence
  3099 | D:3      | Identified the +1 leather armour of the Pits of Slime {Harm
                  | rElec Str+6}
  3307 | D:4      | Noticed an ogre
  3313 | D:4      | Killed an ogre
  3314 | D:4      | Reached XP level 6. HP: 50/53 MP: 5/5
  3512 | D:4      | Found a blossoming altar of Fedhas.
  4061 | D:4      | Noticed Eustachio
  4068 | D:4      | Killed Eustachio
  4069 | D:4      | Reached skill level 6 in Axes
  4069 | D:4      | Reached skill level 5 in Armour
  4069 | D:4      | Reached skill level 1 in Dodging
  4345 | D:4      | Noticed an orc warrior
  4352 | D:4      | Killed an orc warrior
  4353 | D:4      | Reached skill level 5 in Fighting
  4353 | D:4      | Reached skill level 1 in Stealth
  4353 | D:4      | Reached XP level 7. HP: 48/61 MP: 6/6
  4558 | D:5      | Entered Level 5 of the Dungeon
  4561 | D:5      | Found a staircase to the Ecumenical Temple.
  4570 | D:5      | Reached skill level 5 in Shields
  4574 | D:5      | Reached skill level 7 in Axes
  4635 | D:5      | Reached *** piety under Wu Jian
  4637 | D:5      | Reached XP level 8. HP: 49/70 MP: 7/7
  4641 | D:5      | Reached skill level 8 in Axes
  5068 | D:5      | Found a sparkling altar of Nemelex Xobeh.
  5515 | D:6      | Reached skill level 9 in Axes
  5769 | D:6      | Reached XP level 9. HP: 66/78 MP: 8/8
  5972 | D:6      | Found a burning altar of Makhleb.
  6108 | D:7      | Noticed Joseph
  6115 | D:7      | Reached skill level 10 in Axes
  6119 | D:7      | HP: 1/78 [Joseph/sling bullet (18)]
  6119 | D:7      | Shot with a sling bullet by Joseph

Illustrated notes

Levels and vault maps discovered:
D:1:      minmay_arrival_four_loops, layout_loops_ring,
          hellmonk_ecumenical_altar_inner_sanctum, minmay_shallow_snake_nest
D:2:      layout_rooms, basic_altar, minmay_cupped, uniq_jessica
D:3:      minmay_bubble_buster, layout_loops_corners, lemuel_tele_altar,
          uniq_terence, uniq_robin
D:4:      nicolae_cairo_tiling_very_big, layout_cave_pods,
          general_overflow_altar, bh_walls_and_bars, uniq_eustachio
D:5:      layout_rooms, nemelex_diamond_rough_becter,
          minmay_temple_entry_gardened_gates, minmay_misc_feat_secret_circle,
          kennysheep_path_1
D:6:      layout_rooms, mainiacjoe_overflow_alcove_1
D:7:      layout_basic, nicolae_overflow_crystal_walls, uniq_pikel, uniq_joseph,
          uniq_maggie

Skill      XL: |  1  2  3  4  5  6  7  8  9 |
---------------+----------------------------+-----
Armour         | 4 5 6 |  6.8
Axes           | 3 4 5 6 7 9 10 | 10.0
Fighting       | 4 5 6 |  6.9
Shields        | 4 5 6 |  6.4
Dodging        | 1 2 |  2.4
Stealth        | 1 2 |  2.5

Action                   |  1- 3 |  4- 6 |  7- 9 || total
-------------------------+-------+-------+-------++-------
Melee: War axe           |    77 |    59 |       ||   136
       Headbutt          |     8 |    17 |    15 ||    40
       Hand axe          |       |    45 |    89 ||   134
Invok: Whirlwind         |     7 |     8 |     5 ||    20
       Lunge             |     3 |    14 |     9 ||    26
  Use: Scroll            |       |     6 |     5 ||    11
       Potion            |       |       |     1 ||     1
Armor: Scale mail        |    36 |    24 |       ||    60
       Leather armour    |       |       |    11 ||    11
Dodge: Dodged            |    33 |    27 |    29 ||    89
Block: Buckler           |    25 |    33 |    38 ||    96
       Reflection        |       |     1 |     4 ||     5
